Map: Taito Citadel LE

Players

Childrabbit - Winner!

  • Race: Protoss Protoss
  • League: Diamond
  • Spawn Location: 5:00

ChaosBiscuit

  • Race: Zerg Zerg
  • League: Master
  • Spawn Location: 11:00

VOD

Have the link to the VOD?

Description

Time

  • Played on: Feb. 2, 2026, 5:28 a.m.
  • Length: 13:03
Show
View Real Time Build Order
Export as new Build Order

Childrabbit Protoss - Winner!

Build Orders: 1 Gate Expand, Oracle Opening 

Get SALT Encoding   

  12  0:00  Probe  
  13  0:12  Probe  
  14  0:19  Pylon  
  14  0:24  Probe  
  15  0:35  Probe  
  15  0:39  Gateway  
  16  0:43  Probe  
  16  0:48  Assimilator  
  17  0:52  Probe  
  18  1:04  Probe  
  19  1:16  Probe  
  20  1:24  Nexus  
  19  1:35  Cybernetics Core  
  19  1:37  Probe  
  20  1:42  Assimilator  
  20  1:49  Probe  
  20  1:52  Pylon  
  21  2:01  Adept, Probe  
  22  2:13  Probe  
  25  2:17  Stargate  
  25  2:21  Adept  
  25  2:25  Probe  
  25  2:26  Warp Gate  
  26  2:36  Probe  
  29  2:38  Probe  
  30  2:48  Probe  
  30  2:50  Probe  
  32  2:54  Oracle  
  32  2:58  Adept  
  32  3:00  Probe  
  32  3:03  Probe  
  39  3:12  Probe  
  40  3:14  Pylon  
  40  3:17  Gateway  
  40  3:19  Probe  
  41  3:23  Oracle  
  41  3:24  Probe  
  42  3:31  Probe  
  46  3:36  Probe  
  47  3:43  Probe  
  48  3:48  Probe  
  48  3:55  Probe  
  50  4:03  Probe  
  50  4:04  Nexus  
  51  4:12  Probe  
  51  4:16  Pylon  
  52  4:20  Probe  
  52  4:21  Assimilator x2  
  52  4:23  Twilight Council  
  53  4:24  Probe  
  53  4:25  Forge  
  54  4:34  Probe  
  54  4:37  Pylon  
  55  4:39  Robotics Facility  
  55  4:40  Probe  
  56  4:46  Probe  
  56  4:50  Protoss Ground Weapons Level 1  
  56  4:52  Blink  
  57  4:53  Probe  
  57  4:59  Probe  
  63  5:07  Shield Battery  
  63  5:08  Shield Battery  
  63  5:09  Void Ray  
  63  5:15  Gateway  
  63  5:16  Gateway  
  63  5:18  Probe  
  63  5:19  Photon Cannon  
  64  5:24  Stalker  
  66  5:29  Stalker  
  66  5:32  Shield Battery  
  69  5:42  Probe  
  69  5:43  Probe  
  69  5:44  Probe  
  71  5:51  Observer  
  71  5:55  Probe x2  
  71  5:56  Gateway  
  74  5:57  Gateway  
  74  5:58  Probe  
  74  6:01  Gateway  
  74  6:03  Gateway  
  75  6:05  Probe  
  75  6:07  Probe  
  75  6:08  Stalker x2  
  81  6:12  Pylon  
  81  6:13  Probe  
  81  6:15  Probe  
  82  6:19  Probe  
  82  6:23  Pylon  
  82  6:25  Pylon  
  84  6:26  Probe  
  84  6:30  Stalker  
  84  6:31  Stalker  
  89  6:36  Stalker x2  
  93  6:41  Assimilator, Probe x2  
  93  6:45  Assimilator  
  93  6:46  Protoss Ground Weapons Level 2  
  95  6:51  Stalker  
  95  6:53  Stalker x2  
  95  6:54  Stalker  
  103  6:57  Probe  
  104  7:03  Pylon  
  104  7:05  Warp Prism  
  104  7:06  Charge  
  104  7:10  Probe  
  104  7:15  Templar Archives  
  107  7:20  Probe  
  108  7:26  Pylon  
  108  7:28  Zealot, Pylon  
  108  7:29  Stalker x2  
  114  7:30  Sentry  
  102  7:57  Sentry x2  
  106  7:58  Probe  
  106  8:04  Probe  
  108  8:06  Nexus  
  108  8:09  Pylon  
  108  8:11  Pylon  
  108  8:17  Zealot x4, Stalker  
  108  8:18  Stalker  
  110  8:21  Probe  
  110  8:22  Zealot x2  
  110  8:23  Immortal  
  99  8:40  Stalker x4  
  97  8:45  Probe  
  92  8:49  Psionic Storm  
  92  8:50  Stalker x4  
  92  8:52  Probe  
  100  8:58  Gateway  
  100  8:59  Cybernetics Core  
  100  9:01  Gateway  
  100  9:02  Protoss Ground Weapons Level 3  
  100  9:03  Gateway  
  100  9:05  High Templar x3  
  100  9:07  Gateway  
  106  9:17  Zealot x5  
  116  9:35  Probe x3  
  116  9:36  Probe  
  116  9:37  Pylon  
  116  9:38  Photon Cannon  
  120  9:39  Shield Battery, High Templar x2  
  120  9:40  Sentry x2  
  120  9:43  Archon  
  128  9:47  Probe  
  128  9:50  Adept  
  128  9:52  High Templar  
  133  10:01  Zealot x5  
  129  10:07  Zealot x3  
  115  10:16  Archon x2  
  115  10:20  Zealot x3  
  115  10:28  Zealot x5  
  119  10:29  Zealot  
  119  10:33  High Templar x2  
  119  10:34  High Templar  
  131  10:37  Probe  
  131  10:42  Probe x2  
  134  10:45  Warp Prism  
  134  10:49  Assimilator  
  134  10:51  Assimilator  
  134  10:52  High Templar x3  
  134  10:54  Zealot x6  
  142  11:08  Photon Cannon  
  142  11:10  High Templar  
  144  11:11  High Templar  
  144  11:13  Zealot  
  144  11:15  Archon  
  144  11:18  Zealot  
  150  11:24  Immortal  
  150  11:30  High Templar  
  150  11:31  High Templar, Zealot x4  
  150  11:32  Zealot  
  164  11:35  Archon  
  168  11:43  Zealot x2  
  172  11:53  Pylon  
  172  11:55  Pylon x2  
  172  12:00  Nexus  
  172  12:01  Pylon  
  172  12:02  Robotics Facility  
  172  12:03  Pylon  
  172  12:11  Immortal  
  170  12:18  Zealot x10  
  149  12:53  Archon  
  149  12:54  Zealot x3  
  149  12:55  Zealot x5  
  161  13:01  Zealot x4  
Show
View Real Time Build Order
Export as new Build Order

ChaosBiscuit Zerg 

Build Orders: Hatch First, Lurkers, Roach Hydra 

Get SALT Encoding   

  12  0:01  Drone  
  13  0:12  Overlord  
  13  0:16  Drone  
  13  0:19  Extractor  
  13  0:23  Drone  
  15  0:44  Hatchery  
  15  0:47  Drone  
  15  0:51  Drone  
  15  0:54  Drone  
  17  0:57  Extractor  
  17  1:00  Drone  
  17  1:16  Spawning Pool  
  16  1:20  Drone  
  16  1:22  Drone  
  18  1:31  Drone  
  19  1:42  Overlord  
  19  2:03  Metabolic Boost, Queen  
  19  2:06  Queen  
  23  2:10  Drone  
  23  2:12  Drone  
  25  2:16  Drone  
  25  2:21  Drone  
  25  2:22  Drone  
  28  2:28  Drone x2  
  30  2:35  Zergling x2  
  30  2:36  Zergling x2  
  32  2:50  Hatchery  
  31  2:58  Roach Warren, Drone  
  30  3:01  Drone  
  32  3:11  Drone x3  
  32  3:12  Drone  
  35  3:18  Lair  
  35  3:25  Zergling x2  
  36  3:27  Overlord  
  36  3:34  Overlord  
  36  3:45  Queen  
  36  3:46  Drone x4  
  42  3:51  Drone x2  
  43  4:02  Spore Crawler  
  37  4:13  Drone  
  37  4:14  Drone x6  
  43  4:19  Spore Crawler  
  43  4:23  Evolution Chamber  
  43  4:24  Extractor  
  40  4:28  Drone x3  
  40  4:30  Drone  
  44  4:31  Spore Crawler  
  44  4:32  Drone  
  44  4:33  Drone  
  45  4:42  Zergling x8  
  47  4:54  Drone x5  
  47  4:57  Glial Reconstitution  
  47  4:59  Zerg Missile Weapons Level 1  
  52  5:07  Drone x2  
  52  5:10  Drone, Extractor  
  52  5:11  Drone x2, Extractor  
  55  5:19  Overlord  
  55  5:20  Overlord  
  55  5:26  Drone  
  56  5:30  Hydralisk Den  
  56  5:31  Drone x2  
  57  5:38  Roach x4  
  57  5:39  Overlord  
  64  5:48  Spore Crawler  
  63  5:55  Overlord x2  
  63  5:57  Roach  
  65  5:58  Roach x4  
  73  6:12  Overlord  
  73  6:14  Muscular Augments  
  73  6:16  Hydralisk  
  73  6:17  Hydralisk x3  
  81  6:19  Hydralisk  
  83  6:27  Roach  
  83  6:28  Roach x2  
  83  6:32  Overlord  
  89  6:37  Drone  
  90  6:41  Overlord  
  90  6:47  Overlord  
  90  6:51  Roach  
  90  6:52  Roach x3  
  98  6:54  Zerg Missile Weapons Level 2  
  98  7:08  Roach x4  
  98  7:09  Roach x2  
  98  7:10  Drone  
  98  7:11  Drone  
  110  7:18  Roach  
  110  7:19  Overlord x2  
  112  7:26  Overlord x2  
  112  7:52  Roach x7  
  112  7:56  Hatchery  
  125  8:01  Lurker Den  
  118  8:25  Roach x4  
  118  8:26  Roach x5  
  107  8:38  Hydralisk x5  
  111  8:46  Ravager  
  106  8:55  Hydralisk  
  100  8:56  Hydralisk x4  
  104  9:07  Hydralisk x2  
  104  9:13  Hydralisk x2  
  108  9:17  Lurker  
  109  9:31  Zergling x2  
  109  9:32  Zergling x6  
  109  9:34  Zergling x2  
  114  9:39  Zerg Ground Armor Level 1  
  114  9:41  Grooved Spines  
  114  9:45  Zergling x2  
  114  9:46  Zergling x2  
  114  10:05  Zergling x2  
  114  10:06  Zergling x12  
  109  10:08  Zergling x2  
  69  10:28  Roach x8  
  79  10:40  Drone x2  
  81  10:47  Hatchery  
  77  10:52  Hatchery, Ravager  
  77  10:55  Drone  
  77  10:56  Drone x7  
  81  11:01  Hydralisk  
  82  11:05  Hydralisk  
  82  11:11  Overseer  
  84  11:13  Drone  
  84  11:14  Roach  
  84  11:15  Roach x9  
  84  11:18  Hydralisk  
  105  11:24  Drone x4  
  105  11:25  Drone  
  112  11:26  Drone  
  112  11:31  Hydralisk  
  112  11:32  Hydralisk  
  115  11:41  Infestation Pit  
  115  11:45  Hydralisk  
  115  11:46  Hydralisk x2  
  116  11:48  Overlord  
  116  11:52  Queen  
  115  12:12  Hatchery  
  109  12:18  Lurker x3  
  109  12:19  Lurker x3  
  109  12:22  Drone x5  
  120  12:27  Hydralisk  
  120  12:28  Hydralisk x2  
Tags
 
Add a new tag
Caveats
  • Supply blocks, unpowered buildings, or Contaminate may cause inaccurate times.
  • Supply counts are checked every 10 seconds.